 Dungeon Crawl Stone Soup version 0.18-a0-1078-gebb93d0 (webtiles) character file.

57880 st0uf the Bludgeoner (level 14, -25/129 HPs)
             Began as a Minotaur Berserker on Jan 14, 2016.
             Was a High Priest of Trog.
             Hit by a large rock thrown by a cyclops (38 damage)
             ... on level 2 of the Orcish Mines.
             The game lasted 01:53:26 (17149 turns).

st0uf the Bludgeoner (Minotaur Berserker)          Turns: 17149, Time: 01:53:26

Health: -25/129    AC: 22    Str: 23    XL:     14   Next: 47%
Magic:  29/29      EV: 17    Int:  4    God:    Trog [*****.]
Gold:   1027       SH:  0    Dex: 21    Spells: 0 memorised, 13 levels left

rFire  + . .     SeeInvis .     g - +13 dire flail of Megalomania {elec, rF+ rN+ Dex+4}
rCold  . . .     Gourm    .     m - +2 plate armour {rPois}
rNeg   + . .     Faith    .     (shield currently unavailable)
rPois  +         Spirit   .     (helmet restricted)
rElec  .         Dismiss  .     y - +0 cloak
rCorr  .         Reflect  .     R - +1 pair of gloves {Dex+3}
SustAt .         Harm     .     k - +0 pair of boots {Stlth+}
MR     +++..                    (no amulet)
Stlth  ..........               W - ring of magical power
                                (no ring)

@: exhausted, regenerating, slowed, invisible, very slow, extremely resistant to
hostile enchantments, extremely unstealthy
A: retaliatory headbutt, horns 2
a: Berserk, Trog's Hand, Brothers in Arms, Burn Spellbooks, Renounce Religion


You were on level 2 of the Orcish Mines.
You worshipped Trog.
Trog was extremely pleased with you.
You were near starving.

You visited 4 branches of the dungeon, and saw 20 of its levels.
You also visited: Ossuary.

You collected 1988 gold pieces.
You spent 961 gold pieces at shops.

Inventory:

Hand Weapons
 g - the +13 dire flail of Megalomania (weapon) {elec, rF+ rN+ Dex+4}
   (Trog gifted it to you on level 3 of the Lair of Beasts)

   Occasionally, upon striking a foe, it will discharge some electrical energy
   and cause terrible harm.
   It affects your dexterity (+4).
   It protects you from fire.
   It protects you from negative energy.
 p - the +6 lajatang of Severance {freeze, rPois rN+ Stlth+}
   (You found it on level 6 of the Lair of Beasts)

   It has been specially enchanted to freeze those struck by it, causing extra
   injury to most foes and up to half again as much damage against particularly
   susceptible opponents.
   It can also slow down cold-blooded creatures.
   It protects you from poison.
   It protects you from negative energy.
   It makes you more stealthy.
 L - a +0 hand crossbow
 X - a +4 dire flail of holy wrath
Missiles
 M - 101 bolts
Armour
 j - a +1 ring mail
 k - a +0 pair of boots of stealth (worn)
 m - a +2 plate armour of poison resistance (worn)
 y - a +0 cloak (worn)
 R - a +1 pair of gloves of dexterity (worn)
Rods
 G - a +2 rod of destruction (5/14)
   (You found it on level 7 of the Dungeon)
Jewellery
 i - the amulet "Bucwux" {Dismiss rElec rN+ MR++ Str-5 Int+4}
   (You bought it in a shop on level 1 of the Orcish Mines)

   [amulet of dismissal]

   It may teleport away creatures that harm you.
   It affects your strength (-5).
   It affects your intelligence (+4).
   It insulates you from electricity.
   It protects you from negative energy.
   It affects your resistance to hostile enchantments.
 W - a ring of magical power (right hand)
 Z - an uncursed ring of teleportation
Wands
 b - a wand of paralysis (9/24)
 n - a wand of flame (27/48)
 v - a wand of slowing (19/48)
 B - a wand of hasting (6/9)
 S - a wand of polymorph (16/24)
 V - a wand of teleportation (3/9)
Scrolls
 f - 3 scrolls of recharging
 l - 11 scrolls of teleportation
 r - 5 scrolls of fog
 t - 2 scrolls of remove curse
 C - a scroll of silence
 D - 2 scrolls of magic mapping
 E - a scroll of fear
 F - a scroll of blinking
 Y - a scroll of identify
Potions
 d - 3 potions of agility
 e - a potion of haste
 h - 3 potions of lignification
 o - 3 potions of cancellation
 q - a potion of resistance
 s - a potion of cure mutation
 u - 3 potions of curing
 x - 2 potions of might
 A - 4 potions of flight
 U - a potion of invisibility
Miscellaneous
 O - a stone of tremors
Comestibles
 c - 9 bread rations


   Skills:
 + Level 13.5 Fighting
 + Level 16.1 Maces & Flails
 + Level 0.8(10.9) Staves
 + Level 10.7 Armour
 + Level 14.0 Dodging
 * Level 9.5 Evocations


You had 13 spell levels left.
You didn't know any spells.

Dungeon Overview and Level Annotations

Branches:
Dungeon (9/15)             Temple (1/1) D:7            Lair (8/8) D:8
  Swamp (0/4) Lair:4        Snake (0/4) Lair:5        Slime (0/6) Lair:6
    Orc (2/2) D:9             Elf (0/3) Orc:2

Altars:
Ashenzari
Cheibriados
Dithmenos
Elyvilon
Fedhas
Gozag
Kikubaaqudgha
Okawaru
Pakellas
Qazlal
Ru
Sif Muna
Trog
Vehumet
Xom
Yredelemnul
The Shining One

Shops:
D:4 }   D:5 !   Orc:1 *(   Orc:2 *

Portals:
Bazaar: Orc:2


Innate Abilities, Weirdness & Mutations

You reflexively headbutt those who attack you in melee.
You have a pair of horns on your head.


Message History

The orc wizard is healed somewhat.
You barely miss the orc warrior.
The orc warrior is severely wounded.
The orc priest calls down the wrath of Beogh upon you.
Something smites you!
* * * LOW HITPOINT WARNING * * *
The orc warrior barely misses you. You furiously retaliate!
You headbutt the orc warrior!
You kill the orc warrior!
Trog accepts your kill.
Your skin crawls.
You feel resistant to hostile enchantments.
You feel slightly more hungry.
The orc wizard mumbles some strange words.
The orc wizard flickers and vanishes!
Deactivating autopickup; reactivate with Ctrl-A.
Drink which item? (? for menu, Esc to quit)
You fade into invisibility!
The cyclops throws a large rock.
The large rock hits you!!!
You die...

*,,,,,,,,,,,*,*,** **,**,******
,,,,,,,,,,,,,....##*....,..**,*#
,,,,,,,,,,,,,.....###.....,,,,.##
,,,,,,.............##....#,,,,..#
,,,,,,.8......##....##...###,....
,,,,,,...C....###...###.##.##....
,,,,,,..∩....P##..)..#...........
,,,,,,.......P###.#)#......<.....
,,,,,,........##@..))............
,,,,,,......†C...).).))....§..§..
,*,,,,..P....(($((($...$...§..§§≈
,,,,,,..........()...o.....§..§§§
,,,,,,.........(.(..{.....(...§§§
,,,,,,........(((((..#.....§.§.§≈
,,,,,,..#.....((((..........§.§.≈
,,,,,,........(((((...........$..
,,,,,,.........(.(.......$$......


You could see a cyclops and an orc priest.

Vanquished Creatures
  Snorg (Lair:4)
  2 ettins (Orc:2)
  The ghost of 4thArraOfDagon the Severer, a journeyman HOBe of Trog (Orc:2)
  The ghost of tof the Fighter, a journeyman DsFi of Ru (Lair:2)
  5 hydras
  4 death yaks
  The ghost of Vojta the Ducker, a novice HEGl of Vehumet (D:7)
  3 orc sorcerers (Orc:1)
  3 griffons
  3 cyclopes (Orc:2)
  3 oklob plants (Lair:6)
  39 elephants
  7 black mambas
  18 spiny frogs
  A torpor snail (Lair:4)
  7 komodo dragons
  4 fire drakes
  3 trolls
  A giant leech (Lair:8)
  2 polar bears (Lair:2)
  23 blink frogs
  A basilisk (Lair:5)
  11 yaks
  A hungry ghost (D:8)
  The ghost of Oozefury the Poker, an amateur CeGl (D:3)
  4 wolves (Lair:8)
  4 vampire mosquitoes (Lair:8)
  7 wargs
  9 hippogriffs
  3 nagas (Lair:5)
  6 swamp worms (Lair:4)
  10 porcupines
  7 orc warriors
  12 water moccasins
  3 sky beasts
  2 black bears
  4 ice beasts
  A phantom (D:8)
  A necrophage (Lair:1)
  An ogre (D:8)
  2 centaurs
  8 crocodiles
  An elf zombie (Ossuary)
  20 giant frogs
  A gnoll sergeant (D:5)
  4 killer bees (D:7)
  3 electric eels
  3 crimson imps
  3 centaur zombies (Ossuary)
  A quasit (D:6)
  6 orc priests
  A hound (D:8)
  A centaur skeleton (D:7)
  7 iguanas
  6 hell rats
  5 worker ants
  9 orc wizards
  2 killer bee zombies
  19 sheep
  2 big kobold zombies (Ossuary)
  A hound zombie (D:8)
  2 mummies (Ossuary)
  5 adders
  8 gnolls
  48 river rats
  A shadow imp (D:8)
  An adder zombie (D:8)
  An adder skeleton (D:7)
  4 giant geckos
  23 orcs
  8 giant cockroaches
  A gnoll zombie (Ossuary)
  8 goblins
  A hobgoblin (D:3)
  11 jackals (D:5)
  A quokka (D:8)
  7 bats
  A giant cockroach zombie (D:5)
  3 giant newts
  3 goblin zombies (Ossuary)
  3 hobgoblin zombies (Ossuary)
  4 kobolds
  An orc zombie (Ossuary)
  6 rats
  A bush (Lair:8)
477 creatures vanquished.

Vanquished Creatures (others)
  A cyclops (Orc:2)
  3 orcs
  17 fungi
  2 plants
23 creatures vanquished.

Grand Total: 500 creatures vanquished

Notes
Turn   | Place    | Note
--------------------------------------------------------------
     0 | D:1      | st0uf the Minotaur Berserker began the quest for the Orb.
     0 | D:1      | Reached XP level 1. HP: 19/19 MP: 0/0
   183 | D:1      | Reached XP level 2. HP: 10/27 MP: 1/1
   243 | D:1      | Reached skill level 4 in Maces & Flails
   379 | D:2      | Found a faded altar to an unknown god.
   473 | D:2      | Reached ** piety under Trog
   564 | D:3      | Noticed Oozefury's ghost (amateur CeGl)
   738 | D:3      | Reached XP level 3. HP: 33/33 MP: 2/2
  1010 | D:3      | Killed Oozefury's ghost
  1010 | D:3      | Reached skill level 5 in Maces & Flails
  1010 | D:3      | Reached XP level 4. HP: 36/41 MP: 3/3
  1010 | D:3      | Reached XP level 5. HP: 41/47 MP: 4/4
  1343 | D:4      | Found a sand-covered staircase.
  1379 | D:4      | Found Osiol's Gadget Shoppe.
  1428 | Ossuary  | Entered an ossuary
  1465 | Ossuary  | Reached skill level 5 in Fighting
  1465 | Ossuary  | Reached XP level 6. HP: 56/56 MP: 5/5
  1527 | Ossuary  | Reached skill level 6 in Maces & Flails
  1889 | D:4      | Reached XP level 7. HP: 61/61 MP: 6/6
  1993 | D:4      | Reached skill level 5 in Dodging
  2208 | D:5      | Entered Level 5 of the Dungeon
  2240 | D:5      | Found Qatusu Qeogg's Distillery.
  2243 | D:5      | Bought a potion of mutation for 27 gold pieces
  2243 | D:5      | Bought a potion of curing for 33 gold pieces
  2389 | D:5      | Reached *** piety under Trog
  2389 | D:5      | Reached skill level 5 in Armour
  2862 | D:5      | Found a basalt altar of Yredelemnul.
  3373 | D:5      | Reached XP level 8. HP: 37/70 MP: 7/7
  3533 | D:6      | Reached skill level 7 in Maces & Flails
  4255 | D:8      | Found an iron altar of Okawaru.
  4256 | D:8      | Found a snail-covered altar of Cheibriados.
  4257 | D:8      | Found a shadowy altar of Dithmenos.
  4268 | D:8      | Found a blossoming altar of Fedhas.
  4480 | D:8      | Reached skill level 8 in Maces & Flails
  4659 | D:8      | Reached XP level 9. HP: 74/79 MP: 8/8
  4783 | D:9      | Found a staircase to the Orcish Mines.
  5365 | D:7      | Identified a cursed +2 rod of destruction (14/14) (You found it on level 7 of the Dungeon)
  5528 | D:7      | Reached **** piety under Trog
  5528 | D:7      | Reached skill level 9 in Maces & Flails
  5807 | D:7      | Found a staircase to the Ecumenical Temple.
  5816 | Temple   | Entered the Ecumenical Temple
  6117 | D:7      | Noticed Vojta's ghost (novice HEGl)
  6151 | D:7      | Killed Vojta's ghost
  6151 | D:7      | Reached skill level 1 in Evocations
  6666 | D:8      | Reached XP level 10. HP: 70/90 MP: 10/10
  6783 | D:8      | Found a staircase to the Lair.
  7005 | Lair:1   | Entered Level 1 of the Lair of Beasts
  7056 | Lair:1   | Noticed a spiny frog
  7078 | Lair:1   | Killed a spiny frog
  7096 | Lair:1   | Noticed a spiny frog
  7115 | Lair:1   | Killed a spiny frog
  7712 | Lair:2   | Noticed a griffon
  7724 | Lair:2   | Killed a griffon
  7724 | Lair:2   | Reached skill level 10 in Maces & Flails
  7728 | Lair:2   | Reached skill level 10 in Dodging
  7786 | Lair:2   | Noticed a spiny frog
  8084 | Lair:2   | Noticed tof's ghost (journeyman DsFi)
  8097 | Lair:2   | Killed tof's ghost
  8133 | Lair:2   | Killed a spiny frog
  8167 | Lair:2   | Reached ***** piety under Trog
  8219 | Lair:2   | Reached XP level 11. HP: 48/99 MP: 13/13
  8432 | Lair:2   | Reached skill level 10 in Fighting
  9024 | Lair:2   | Identified the Collected Works on Contamination
  9446 | Lair:3   | Reached skill level 11 in Maces & Flails
  9784 | Lair:3   | Received a gift from Trog
  9785 | Lair:3   | Got a fine dire flail {god gift}
  9786 | Lair:3   | Identified the +13 dire flail of Megalomania {elec, rF+ rN+ Dex+4} (Trog gifted it to you on level 3 of the Lair of Beasts)
  9789 | Lair:3   | Reached skill level 5 in Evocations
 10443 | Lair:3   | Noticed a five-headed hydra
 10447 | Lair:3   | Killed a five-headed hydra
 10563 | Lair:4   | Noticed Snorg
 10583 | Lair:4   | Killed Snorg
 10897 | Lair:4   | Reached skill level 12 in Maces & Flails
 11391 | Lair:4   | Found a staircase to the Swamp.
 11398 | Lair:4   | Reached XP level 12. HP: 88/108 MP: 15/15
 11473 | Lair:4   | You fall through a shaft!
 11597 | Lair:5   | Noticed a death yak
 11598 | Lair:5   | Noticed a death yak
 11598 | Lair:5   | Noticed a death yak
 11600 | Lair:5   | Noticed a death yak
 11633 | Lair:4   | Killed a death yak
 11818 | Lair:4   | Killed a death yak
 11847 | Lair:4   | Killed a death yak
 11974 | Lair:5   | Killed a death yak
 11974 | Lair:5   | Reached skill level 13 in Maces & Flails
 11974 | Lair:5   | Reached skill level 10 in Armour
 12184 | Lair:5   | Noticed a seven-headed hydra
 12193 | Lair:5   | Killed a seven-headed hydra
 12347 | Lair:5   | Paralysed by fainting for 6 turns
 12364 | Lair:5   | Found a staircase to the Snake Pit.
 12406 | Lair:5   | Noticed a seven-headed hydra
 12413 | Lair:5   | Killed a seven-headed hydra
 12761 | Lair:5   | Received a gift from Trog
 12922 | Lair:5   | Got a brightly glowing flail
 12923 | Lair:5   | Identified the +3 flail of the Mouth {drain, rC+ Str+7 Dex-2} (You found it on level 5 of the Lair of Beasts)
 13048 | Lair:6   | Got a crystal lajatang
 13049 | Lair:6   | Identified the +6 lajatang of Severance {freeze, rPois rN+ Stlth+} (You found it on level 6 of the Lair of Beasts)
 13187 | Lair:6   | Reached XP level 13. HP: 96/118 MP: 17/17
 13596 | Lair:6   | Found a staircase to the Slime Pits.
 13698 | Lair:6   | Reached skill level 14 in Maces & Flails
 14553 | Lair:7   | Identified the Compendium of Transformation (You found it on level 7 of the Lair of Beasts)
 14850 | Lair:7   | Received a gift from Trog
 15155 | Lair:8   | Entered Level 8 of the Lair of Beasts
 15205 | Lair:8   | Reached skill level 15 in Maces & Flails
 15381 | Lair:8   | Reached XP level 14. HP: 77/129 MP: 19/19
 16588 | Orc:1    | Entered Level 1 of the Orcish Mines
 16608 | Orc:1    | Received a gift from Trog
 16671 | Orc:1    | Found Poiker's Assorted Antiques.
 16675 | Orc:1    | Found Vusiuhut's Antique Weapon Shop.
 16680 | Orc:1    | Reached ****** piety under Trog
 16728 | Orc:1    | Bought an ancient ruby amulet for 135 gold pieces
 16728 | Orc:1    | Bought a pair of runed boots for 121 gold pieces
 16728 | Orc:1    | Bought a runed plate armour for 621 gold pieces
 16728 | Orc:1    | Bought a green potion for 24 gold pieces
 16872 | Orc:1    | Identified the amulet "Bucwux" {Dismiss rElec rN+ MR++ Str-5 Int+4} (You bought it in a shop on level 1 of the Orcish Mines)
 17085 | Orc:2    | Entered Level 2 of the Orcish Mines
 17085 | Orc:2    | Found a flickering gateway to a bazaar.
 17108 | Orc:2    | Noticed 4thArraOfDagon's ghost (journeyman HOBe)
 17120 | Orc:2    | Killed 4thArraOfDagon's ghost
 17126 | Orc:2    | Reached skill level 16 in Maces & Flails
 17130 | Orc:2    | Found Jehot's General Store.
 17149 | Orc:2    | Hit by a large rock thrown by a cyclops

Vault maps used:
D:1:      minmay_arrival_stair_chambers, minmay_fountain_box, st_stairs_13,
          minmay_misc_feat_square, hangedman_glass_teeth
D:2:      ecumenical_altar_1, first_bread, minmay_ruptured
D:4:      nemelex_deck, serial_shops, shop, lightli_ossuary_entry_decrepit_ruins
D:5:      kennysheep_six_static_rooms, old_standard_altar, serial_shops, shop
D:7:      bloody_makhleb, lemuel_temple_firewalk_marked
D:8:      nicolae_overflow_quartered_altars, dpeg_lair_monsters
D:9:      nicolae_overflow_crystal_walls, david_orc_1_choice, grunt_livestock,
          minivault_24
Temple:   oiseaux_autumnal_temple_12
Lair:2:   gammafunk_lair_bear_cave
Lair:3:   grunt_megastairs_4
Lair:4:   nicolae_swamp_entry_splash_gauntlet, uniq_snorg
Lair:5:   lemuel_ratsnest, guppyfry_snake_entry_garden
Lair:6:   minmay_slime_entry_oklob_open, grunt_megastairs_3, lemuel_fruit_fields
Lair:7:   grunt_megastairs_5
Lair:8:   minmay_lair_end_frog_pond, st_stairs_13, serial_bayou_shore_b,
          serial_bayou_shore_b
Orc:1:    serial_shops, nicolae_shop_stone, nicolae_shop_stone
Orc:2:    grunt_orc_gardens, grunt_orc_garden, grunt_orc_garden,
          grunt_orc_garden, grunt_orc_garden, serial_shops, freezing_bzr,
          enter_volcano_2, nicolae_orc_rockfall
Ossuary:  minmay_ossuary_gauntlet

Action                   |  1- 3 |  4- 6 |  7- 9 | 10-12 | 13-15 || total
-------------------------+-------+-------+-------+-------+-------++-------
Melee: Mace              |    65 |    84 |   334 |   377 |       ||   860
       Dire flail        |       |       |       |   188 |   390 ||   578
       Lajatang          |       |       |       |       |    41 ||    41
Invok: Berserk           |     2 |     1 |     5 |     5 |     2 ||    15
       Trog's Hand       |     1 |       |       |     2 |     1 ||     4
Evoke: Rod               |       |       |     1 |    39 |     7 ||    47
  Use: Scroll            |     3 |       |     2 |    20 |     5 ||    30
       Potion            |     2 |       |     1 |     7 |     1 ||    11
  Eat: Chunk             |     2 |     2 |    24 |    23 |    14 ||    65
       Pizza             |       |     1 |       |     2 |     1 ||     4
       Fruit             |       |     1 |       |     2 |       ||     3
       Bread ration      |       |       |       |     1 |       ||     1
       Royal jelly       |       |       |       |     1 |       ||     1
